 Dungeon Crawl Stone Soup version 0.20-b1 (webtiles) character file.

65 Klosterheim the Ruffian (level 3, 0/36 HPs)
             Began as a Troll Warper on May 18, 2017.
             Slain by Sigmund
             ... wielding a cursed -1 scythe
              (10 damage)
             ... on level 2 of the Dungeon on May 19, 2017.
             The game lasted 00:02:39 (1053 turns).

Klosterheim the Ruffian (Troll Warper)              Turns: 1053, Time: 00:02:40

Health: 0/36       AC:  5    Str: 20    XL:     3   Next: 94%
Magic:  3/3        EV: 10    Int:  9    God:
Gold:   68         SH:  0    Dex:  9    Spells: 4/4 levels left

rFire    . . .     SeeInvis .     - Unarmed
rCold    . . .     Gourm    +   (no shield)
rNeg     . . .     Faith    .   a - +0 robe
rPois    .         Spirit   .   (helmet restricted)
rElec    .         Reflect  .   (no cloak)
rCorr    .         Harm     .   (gloves unavailable)
MR       .....                  (boots unavailable)
Stlth    +.........             (no amulet)
Regen    0.6/turn               (no ring)
MPRegen  0.1/turn               (no ring)

@: hasted, very quick
A: unfitting armour, claws 3, fast metabolism 3, gourmand, regeneration 1,
shaggy fur 1, tough skin 2
a: no special abilities


You were on level 2 of the Dungeon.
You were completely stuffed.

You visited 1 branch of the dungeon, and saw 2 of its levels.

You collected 68 gold pieces.

Inventory:

Missiles
 d - 5 tomahawks of dispersal (quivered)
Armour
 a - a +0 robe (worn)
Scrolls
 c - a scroll of blinking
 j - 2 scrolls of fear {unknown}
 k - a scroll of remove curse {unknown}
Potions
 l - a potion of heal wounds {unknown}
 m - a potion of agility {unknown}
Books
 b - a book of Spatial Translocations

   Spells                             Type                      Level
   a - Blink                          Translocation                2
   b - Shroud of Golubria             Charms/Translocation         2
   c - Lesser Beckoning               Translocation                3
   d - Gell's Gravitas                Translocation                3
   e - Teleport Other                 Translocation                3
   f - Passage of Golubria            Translocation                4
Comestibles
 f - 2 bread rations
 g - 3 royal jellies
 h - 3 chunks of flesh
 i - 3 fruits
 n - a meat ration


   Skills:
 + Level 2.4 Fighting
 - Level 0.8 Throwing
 - Level 1.9 Dodging
 * Level 3.6 Unarmed Combat
 - Level 1.2 Spellcasting
   Level 2.1 Translocations


You had 4 spell levels left.
You didn't know any spells.

Dungeon Overview and Level Annotations

Branches:
Dungeon (2/15)

Altars:

Annotations:
D:2 Sigmund


Innate Abilities, Weirdness & Mutations

You are too large for most types of armour.
You have claws for hands.
Your metabolism is lightning-fast.
You like to eat raw meat.
Your natural rate of healing is unusually fast.
You are covered in fur. (AC +1)
You have very tough skin. (AC +2)


Message History

You barely miss the hobgoblin.
The hobgoblin is severely wounded.
Something hits you! The hobgoblin misses you.
You claw the hobgoblin!
You kill the hobgoblin!
Something hits you.
You see here a club.
You barely miss something. You closely miss something.
You barely miss something. Something hits you.
You scratch something but do no damage. You miss something. Something hits you.
You scratch something but do no damage. You miss something.
Something hits you but does no damage.
You barely miss something. You barely miss something. Something hits you!
* * * LOW HITPOINT WARNING * * *
You closely miss something. You claw something! Something hits you!
You die...

# .##### ......
###########
##.^.
#.........#
#....
..#...†##.#
#.... #@...##.#
#....
.....b{######.#
#.... .......
#.# #....
....... #.#
#.... ##.....
#.# #....
##....
#.######....
.....
#......'....
##....
########....
#....


You could see a bat.

Vanquished Creatures
  2 adders (D:2)
  An ooze (D:1)
  3 dart slugs
  2 bats (D:1)
  3 giant cockroaches
  4 goblins
  7 hobgoblins
  3 jackals (D:2)
  2 frilled lizards (D:1)
  6 kobolds
  2 rats
35 creatures vanquished.

Notes
Turn   | Place    | Note
-------+----------+-------------------------------------------
     0 | D:1      | Klosterheim the Troll Warper began the quest for the Orb.
     0 | D:1      | Reached XP level 1. HP: 19/19 MP: 1/1
     0 | D:1      | Upgraded the game from 0.20-a0-1127-g1289703 to 0.20-b1
    90 | D:1      | Reached XP level 2. HP: 28/28 MP: 2/2
   629 | D:1      | Reached skill level 3 in Unarmed Combat
   733 | D:1      | Reached XP level 3. HP: 32/35 MP: 3/3
  1035 | D:2      | Noticed Sigmund
  1053 | D:2      | Slain by Sigmund

Skill      XL: |  1  2 |
---------------+-------+-----
Fighting       | 2 |  2.4
Unarmed Combat | 3 |  3.6
Throwing       | |  0.8
Dodging        | |  1.9
Spellcasting   | |  1.2
Translocations | |  2.1

Action                   || total
-------------------------++-------
Melee: Unarmed           ||    94
       Punch             ||     1
  Use: Potion            ||     1
 Stab: Sleeping          ||     3
  Eat: Chunk             ||    15
Armor: Robe              ||    30
Dodge: Dodged            ||    30
